 Dungeon Crawl Stone Soup version 0.30.0-29-ga12c61a403 (webtiles) character file.

Game seed: 4005345944978780530

618 ChadusMaximus the Summoner (level 7, 0/46 HPs)
             Began as a Barachi Summoner on June 24, 2023.
             Slain by a gnoll bouda
             ... wielding a +0 whip
              (10 damage)
             ... on level 4 of the Dungeon.
             The game lasted 00:05:44 (4012 turns).

ChadusMaximus the Summoner (Barachi Summoner)       Turns: 4012, Time: 00:05:45

Health: 0/46       AC:  3    Str:  7 (10) XL:     7   Next: 45%
Magic:  14/14      EV: 12    Int: 14 (17) God:
Gold:   208        SH:  0    Dex: 15 (18) Spells: 5/15 levels left

rFire   . . .        l - +0 sling
rCold   . . .        (no shield)
rNeg    . . .        a - +0 robe
rPois   .            x - +0 helmet
rElec   .            (no cloak)
rCorr   .            (no gloves)
SInv    .            (no boots)
Will    .....        t - amulet of magic regeneration
Stlth   ++           u - +6 ring of dexterity
HPRegen 0.27/turn    (no ring)
MPRegen 0.54/turn

%: no passive effects
@: weakened, studying Ranged Weapons, slow
A: amphibious, slowness 1, strong legs 1, +LOS
a: Hop


You were on level 4 of the Dungeon.
You visited 1 branch of the dungeon, and saw 4 of its levels.

You collected 208 gold pieces.

Inventory:

Hand Weapons
 g - a +0 short sword
 l - a +0 sling (weapon)
Armour
 a - a +0 robe (worn)
 x - a +0 helmet (worn)
Jewellery
 t - an amulet of magic regeneration (around neck)
 u - a +6 ring of dexterity (left hand)
Wands
 n - a wand of roots (6)
 v - a wand of flame (18)
Scrolls
 c - a scroll of blinking {unknown}
 d - 3 scrolls of amnesia {unknown}
 f - 2 scrolls of immolation {unknown}
 h - a scroll of magic mapping {unknown}
 i - a scroll of summoning {unknown}
 j - 2 scrolls of teleportation {unknown}
 o - 2 scrolls of fear {unknown}
 r - 6 scrolls of identify {unknown}
 y - a scroll of enchant weapon {unknown}
 z - a scroll of fog {unknown}
Potions
 b - 2 potions of magic
 e - a potion of might {unknown}
 k - 2 potions of degeneration
 m - a potion of lignification {unknown}
 p - a potion of mutation {unknown}
 q - a potion of invisibility {unknown}
 s - 2 potions of flight
 w - a potion of ambrosia {unknown}


   Skills:
 + Level 1.7 Ranged Weapons
 - Level 2.4 Dodging
 - Level 2.0 Stealth
 + Level 4.8 Spellcasting
 * Level 8.8 Summonings


You had 5 spell levels left.
You knew the following spells:

 Your Spells              Type           Power      Damage    Failure   Level
a - Summon Small Mammal   Summ           100%       N/A       1%          1
b - Call Canine Familiar  Summ           28%        N/A       1%          3
c - Call Imp              Summ           56%        N/A       1%          2
d - Summon Lightning Spi  Summ/Air       15%        N/A       28%         4

Your spell library contained the following spells:

 Spells                   Type           Power      Damage    Failure   Level
 Summon Guardian Golem    Hex/Summ       15%        N/A       9%          3
 Sublimation of Blood     Necr           3%         N/A       26%         2
 Wereblood                Tmut           3%         N/A       26%         2
 Ozocubu's Armour         Ice            3%         N/A       47%         3
 Metabolic Englaciation   Hex/Ice        1%         N/A       99%         5
 Summon Hydra             Summ           14%        N/A       99%         7
 Simulacrum               Ice/Necr       1%         N/A       100%        6


Dungeon Overview and Level Annotations

Branches:
Dungeon (4/15)
 Temple: D:4-7

Altars:


Innate Abilities, Weirdness & Mutations

You are amphibious.
You cover ground slowly.
You can hop short distances.
You have an extended range of vision and can be seen from far away.


Message History

The gnoll barely misses your cerulean imp.
Your quokka barely misses the gnoll bouda.
Your hound barely misses the gnoll.
Your cerulean imp barely misses the gnoll bouda.
The gnoll closely misses your cerulean imp.
Unknown command.
The gnoll is no longer moving quickly.
Your hound closely misses the gnoll.
The gnoll bouda barks out a call to the hunt!
The gnoll picks up the pace!
Your hound bites the gnoll but does no damage.
Your quokka bites the gnoll bouda.
Your cerulean imp hits the gnoll bouda but does no damage.
The gnoll barely misses your cerulean imp.
Your hound bites the gnoll but does no damage.
Your hound barely misses the gnoll.
Unknown command.
You shoot a sling bullet. The sling bullet hits the gnoll bouda.
The gnoll bouda is severely wounded.
Your quokka bites the gnoll bouda but does no damage.
Your cerulean imp hits the gnoll bouda but does no damage.
The gnoll bouda hits you with a +0 whip.
* * * LOW HITPOINT WARNING * * *
The gnoll hits your cerulean imp with a +1 flail of protection.
Your quokka disappears in a puff of smoke!
Your cerulean imp closely misses the gnoll bouda.
Your hound bites the gnoll but does no damage.
The gnoll barely misses your cerulean imp.
Unknown command.
Casting: Call Imp (safe; 1% risk of failure)
Confirm with . or Enter, or press ? or * to list all spells.
Your hound bites the gnoll.
The gnoll bouda closely misses you.
Your cerulean imp hits the gnoll bouda from afar with a -2 spear.
You shoot a sling bullet. The sling bullet hits the gnoll bouda.
The gnoll bouda is almost dead.
Your hound bites the gnoll but does no damage.
The gnoll hits your cerulean imp with a +1 flail of protection.
The gnoll bouda gazes fiercely through you!
You feel your attacks grow feeble.
The gnoll bouda hits you with a +0 whip!
You die...

#..)####.###.##.##.####+## ##..
#.........#..............# #..
#.........#..............# #..
#.........#..............# #..
#.........#..............# #..
######...#..###########.#####..
############..####.###....
#....r.........#....
#..@g.5gh......'....
##+####..###...#....
#..###...##### #...#....)....
#...#....#.... #...#....#....
##############


You could see a gnoll bouda (ally target), a gnoll (swift, ally target), a
friendly hound (summoned), a friendly cerulean imp (summoned) and a friendly
quokka (summoned).

Vanquished Creatures
  8 adders
  2 shadow imps (D:4)
  An orc (D:4)
  4 endoplasms
  2 giant cockroaches
  6 goblins
  4 hobgoblins
  A jackal (D:2)
  5 quokkas
  6 ball pythons
  3 bats
  2 frilled lizards
  4 kobolds
  5 rats
53 creatures vanquished.

Vanquished Creatures (collateral kills)
  Grinder (D:3)
  An ogre (D:3)
  2 quasits (D:4)
  A hound (D:4)
  3 adders
  4 gnolls (D:4)
  A shadow imp (D:4)
  A white imp (D:4)
  A bat (D:3)
  2 endoplasms
  A giant cockroach (D:1)
  A kobold (D:1)
  A quokka (D:3)
  A ball python (D:1)
  3 frilled lizards
  2 rats
26 creatures vanquished.

Vanquished Creatures (others)
  A hound (D:4)
1 creature vanquished.

Grand Total: 80 creatures vanquished

Notes
Turn   | Place    | Note
-------+----------+-------------------------------------------
     0 | D:1      | ChadusMaximus the Barachi Summoner began the quest for the
                  | Orb.
     0 | D:1      | Reached XP level 1. HP: 13/13 MP: 3/3
   368 | D:1      | Reached XP level 2. HP: 11/19 MP: 0/5
   436 | D:1      | Reached skill level 5 in Summonings
  1050 | D:2      | Reached XP level 3. HP: 24/24 MP: 6/6
  1128 | D:2      | Learned a level 3 spell: Call Canine Familiar
  1131 | D:2      | Learned a level 2 spell: Call Imp
  1369 | D:2      | Reached XP level 4. HP: 15/30 MP: 5/8
  1794 | D:2      | Reached skill level 6 in Summonings
  1794 | D:2      | HP: 1/30 [poisoned by an adder]
  2320 | D:3      | Noticed an ogre
  2346 | D:3      | Killed an ogre
  2347 | D:3      | Reached XP level 5. HP: 35/35 MP: 1/10
  2450 | D:3      | Noticed Grinder
  2471 | D:3      | Killed Grinder
  2472 | D:3      | Reached skill level 8 in Summonings
  2472 | D:3      | Reached XP level 6. HP: 27/41 MP: 3/12
  3455 | D:4      | Reached XP level 7. HP: 39/46 MP: 13/13
  3572 | D:4      | Learned a level 4 spell: Summon Lightning Spire
  3848 | D:4      | Reached skill level 1 in Ranged Weapons
  4012 | D:4      | Slain by a gnoll bouda

Illustrated notes

Levels and vault maps discovered:
D:1:      lightli_arrival_windingriver, layout_basic
D:2:      kennysheep_six_static_rooms, layout_loops_corners,
          minmay_misc_feat_tower, minmay_splitting_lines
D:3:      layout_basic, uniq_grinder
D:4:      layout_gridville, serial_demonic, serial_demonic_c, serial_demonic_e,
          serial_demonic_e, serial_demonic_f

Skill      XL: |  1  2  3  4  5  6  7 |
---------------+----------------------+-----
Stealth        | 2 |  2.0
Summonings     | 5 6 8 |  8.8
Spellcasting   | 3 4 |  4.8
Ranged Weapons | 1 |  1.7
Dodging        | |  2.4

Action                     |  1- 3 |  4- 6 |  7- 9 || total
---------------------------+-------+-------+-------++-------
  Melee: Short sword       |    17 |       |       ||    17
         Unarmed           |     5 |       |       ||     5
   Fire: Sling             |    73 |   109 |    55 ||   237
   Cast: Summon Small Mamm |    14 |     5 |     7 ||    26
         Call Imp          |     2 |     5 |     7 ||    14
         Call Canine Famil |     1 |     9 |     8 ||    18
Ability: Hop               |       |     3 |     1 ||     4
    Use: Potion            |       |     3 |       ||     3
   Stab: Sleeping          |     3 |       |       ||     3
 Armour: Robe              |    16 |    22 |    15 ||    53
  Dodge: Dodged            |    53 |    63 |    49 ||   165
